 Dungeon Crawl Stone Soup version 0.22.0-6-g71bd7aa (webtiles) character file.

20 sking99 the Insei (level 2, 0/18 HPs)
             Began as an Octopode Transmuter on Aug 14, 2018.
             Slain by a leopard gecko (2 damage)
             ... on level 1 of the Dungeon.
             The game lasted 00:01:30 (407 turns).

sking99 the Insei (Octopode Transmuter)              Turns: 407, Time: 00:01:30

Health: 0/18       AC:  1    Str:  9    XL:     2   Next: 79%
Magic:  4/5        EV: 13    Int: 15    God:
Gold:   20         SH:  0    Dex: 12    Spells: 2/5 levels left

rFire    . . .     SeeInvis .     - Unarmed
rCold    . . .     Gourm    .   (no shield)
rNeg     . . .     Faith    .   (helmet restricted)
rPois    .         Spirit   .   (no amulet)
rElec    .         Reflect  .   (no ring)
rCorr    .         Harm     .   (no ring)
MR       .....                  (no ring)
Stlth    ++........             (no ring)
HPRegen  0.06/turn              (no ring)
MPRegen  0.09/turn              (no ring)
                                (no ring)
                                (no ring)

@: appendage
A: almost no armour, stealthy swim, amphibious, 8 rings, constrict 8, tentacle
spike 3, camouflage 1, gelatinous body 1
a: End Transformation


You were on level 1 of the Dungeon.
You were not hungry.
One of your tentacles had a temporary spike.
You visited 1 branch of the dungeon, and saw 1 of its levels.

You collected 20 gold pieces.

Inventory:

Missiles
 a - 12 arrows
Scrolls
 d - a scroll of amnesia {unknown}
 e - a scroll of magic mapping {unknown}
Comestibles
 c - 2 rations


   Skills:
 + Level 1.4 Fighting
 + Level 2.4 Dodging
 + Level 3.2 Unarmed Combat
 - Level 2.0 Spellcasting
 + Level 2.3 Transmutations


You had 2 spell levels left.
You knew the following spells:

 Your Spells              Type           Power        Failure   Level  Hunger
a - Beastly Appendage     Tmut           #.....       9%          1    #......
b - Sticks to Snakes      Tmut           #.......     13%         2    ###....

Your spell library contained the following spells:

 Spells                   Type           Power        Failure   Level  Hunger
 Spider Form              Tmut/Pois      #.........   38%         3    ###....
 Blade Hands              Tmut           #.........   94%         5    ######.
 Ice Form                 Ice/Tmut       #.......     80%         4    #####..


Dungeon Overview and Level Annotations

Branches:
Dungeon (1/15)

Altars:


Innate Abilities, Weirdness & Mutations

You cannot wear most types of armour.
You are very stealthy in the water. (Stealth+)
You are amphibious.
You can wear up to eight rings at the same time.
You can use your tentacles to constrict eight enemies at once.
Your skin changes colour to match your surroundings (Stealth+).
Your rubbery body absorbs attacks. (AC +1, EV +1)
One of your tentacles bears a large vicious spike.


Message History

You kill the giant cockroach!
The leopard gecko bites you.
* * * LOW HITPOINT WARNING * * *
You barely miss the leopard gecko. Your grab misses the leopard gecko.
Your squeeze misses the leopard gecko.
The leopard gecko is almost dead.
The leopard gecko hisses menacingly.
The leopard gecko barely misses you. The kobold barely misses you.
You miss the leopard gecko. Your grab misses the leopard gecko.
The leopard gecko is almost dead.
The leopard gecko bites you.
* * * LOW HITPOINT WARNING * * *
The kobold closely misses you.
The leopard gecko bites you but does no damage.
You tentacle-slap the leopard gecko but do no damage.
You grab the leopard gecko.
The leopard gecko is almost dead.
You constrict the leopard gecko, but do no damage.
The leopard gecko bites you.
You die...

.....................#.# #.
...............#######.# #.
...............## #.# #.
.........##.....# #.# #.
.........##.....#### #.# #.
.........##........# #.# ##
.........++r.......# #.#
.........##l.......###.####
......>..K@........+.......
###########........###.####
#..............'......#
#.##########...###.##.# #.#
#.'...'.#.##.# #.#
#.#...#.#....# ####'######
#.#####+###### #.........#
#......... #.........#
#..)......


You could see a leopard gecko, a kobold and a rat.

Vanquished Creatures
  An ooze (D:1)
  A leopard gecko (D:1)
  2 giant cockroaches (D:1)
  4 goblins (D:1)
  3 hobgoblins (D:1)
  A frilled lizard (D:1)
  A kobold (D:1)
13 creatures vanquished.

Notes
Turn   | Place    | Note
-------+----------+-------------------------------------------
     0 | D:1      | sking99 the Octopode Transmuter began the quest for the Orb.
     0 | D:1      | Reached XP level 1. HP: 13/13 MP: 3/3
   240 | D:1      | Reached XP level 2. HP: 18/18 MP: 5/5
   244 | D:1      | Learned a level 2 spell: Sticks to Snakes
   407 | D:1      | Slain by a leopard gecko

Action                   || total
-------------------------++-------
Melee: Unarmed           ||    38
       Constrict         ||     9
       Kick              ||     6
       Tentacles         ||     6
 Cast: Beastly Appendage ||     6
 Stab: Sleeping          ||     4
Armor: Skin              ||     1
Dodge: Dodged            ||    24
